[Event "UKR-ch Semifinal 2018"]
[Site "Omelnyk"]
[Date "2018.11.01"]
[Round "7"]
[White "Bakhmatsky, Vladislav"]
[Black "Borsuk, Konstantin"]
[Result "1-0"]
[ECO "B12"]
[WhiteElo "2409"]
[BlackElo "2354"]
[Annotator "ChessBase"]
[PlyCount "73"]
[EventDate "2018.11.26"]
[EventType "tourn"]
[EventCountry "UKR"]
[SourceTitle "playchess.com"]
[Source "ChessBase"]
[SourceQuality "1"]
[TimeControl "40/5400+30:1800+30"]

1. e4 c6 2. d4 d5 3. e5 Bf5 4. h4 h5 5. Bd3 Bxd3 6. Qxd3 e6 7. Bg5 Qa5+ 8. Nd2 Qa6 9. c4 Ne7 10. b3 Nd7 11. Ngf3 f6 12. Bf4 Kf7 13. O-O Ng6 14. Bg3 Be7 15. exf6 gxf6 16. Rfe1 Ndf8 17. a3 Rd8 18. b4 b6 19. Qb3 Qb7 20. Rac1 Bd6 21. Bxd6 Rxd6 22. c5 Rd8 23. cxb6 axb6 24. Rc3 Rg8 25. b5 Rc8 26. Qc2 c5 27. dxc5 bxc5 28. Rxc5 Rxc5 29. Qxc5 Nf4 30. Rb1 Rxg2+ 31. Kh1 Kg8 32. Qd6 e5 33. Qxf6 Qd7 34. Ng5 N8g6 35. Ndf3 Rxf2 36. Nxe5 d4 37. Nxd7 1-0